 Dungeon Crawl Stone Soup version 0.21-a0-529-g8c7b3f5 (webtiles) character file.

23685 Gorglomux the Fighter (level 12, -11/97 HPs)
             Began as a Demonspawn Fire Elementalist on Dec 9, 2017.
             Was an Elder of Yredelemnul.
             Killed from afar by a red draconian (34 damage)
             ... with a searing blast
             ... in a volcano.
             The game lasted 00:33:05 (14298 turns).

Gorglomux the Fighter (DsFE)                       Turns: 14298, Time: 00:33:05

Health: -11/97     AC: 12    Str: 14    XL:     12   Next: 74%
Magic:  18/18      EV: 17    Int: 19    God:    Yredelemnul [****..]
Gold:   443        SH:  0    Dex: 15    Spells: 8/19 levels left

rFire    . . .     SeeInvis .   W - +8 quarterstaff of Natzecze {vamp, +Inv rPois Int+2 Dex+2}
rCold    . . .     Gourm    .   (shield currently unavailable)
rNeg     . . .     Faith    .   a - +0 robe
rPois    +         Spirit   .   U - +0 helmet
rElec    .         Reflect  .   (no cloak)
rCorr    .         Harm     .   V - +0 pair of gloves
MR       .....                  L - +0 pair of boots
Stlth    +++++.....             (no amulet)
HPRegen  0.26/turn              l - ring of flight
MPRegen  0.16/turn              H - +2 ring of protection

@: no status effects
A: iridescent scales 2, nightstalker 3, spiny 2
a: Recall Undead Slaves, Injury Mirror, Animate Dead, Drain Life, Renounce
Religion, Evoke Invisibility, Evoke Flight


You were in a volcano.
You worshipped Yredelemnul.
Yredelemnul was greatly pleased with you.
You were hungry.

You visited 3 branches of the dungeon, and saw 15 of its levels.
You also visited: Volcano.

You collected 563 gold pieces.
You spent 120 gold pieces at shops.

Inventory:

Hand Weapons
 M - a +2 mace of protection
 W - the +8 quarterstaff of Natzecze (weapon) {vamp, +Inv rPois Int+2 Dex+2}
   (You took it off an orc warrior on level 4 of the Dungeon)

   It inflicts no extra harm, but heals its wielder when it wounds a living foe.
   It affects your intelligence (+2).
   It affects your dexterity (+2).
   It protects you from poison.
   It lets you turn invisible.
Missiles
 Z - a throwing net (quivered)
Armour
 a - a +0 robe (worn)
 L - a +0 pair of boots (worn)
 U - a +0 helmet (worn)
 V - a +0 pair of gloves (worn)
Jewellery
 l - a ring of flight (left hand)
 p - an uncursed ring of protection from fire {unknown}
 H - a +2 ring of protection (right hand)
Wands
 A - a wand of acid (8)
 I - a wand of iceblast (5)
 P - a wand of paralysis (9)
 S - a wand of scattershot (5)
Scrolls
 n - a scroll of enchant weapon
 r - a scroll of brand weapon {unknown}
 s - 2 scrolls of summoning
 t - 3 scrolls of enchant armour
 u - a scroll of silence {unknown}
 v - a scroll of vulnerability {unknown}
 B - a scroll of noise {unknown}
 C - 3 scrolls of amnesia
 F - 4 scrolls of immolation
 G - 6 scrolls of remove curse
 K - 2 scrolls of blinking {unknown}
 O - 2 scrolls of magic mapping {unknown}
 R - 3 scrolls of identify
 T - a scroll of teleportation
 X - 4 scrolls of fear
Potions
 o - a potion of haste
 x - a potion of mutation {!q}
 y - a potion of invisibility
 D - a potion of flight
 E - 2 potions of agility
 J - 4 potions of heal wounds
 N - a potion of ambrosia
 Q - 6 potions of curing
 Y - 2 potions of brilliance
Comestibles
 c - 9 bread rations
 w - 5 royal jellies
 z - 9 meat rations


   Skills:
 + Level 10.0 Fighting
 + Level 9.2 Staves
 + Level 7.5 Armour
 + Level 7.1 Dodging
 - Level 1.7 Stealth
 - Level 4.0 Spellcasting
 - Level 5.7 Conjurations
 - Level 4.0 Hexes
 - Level 6.0 Fire Magic
 - Level 9.1 Invocations


You had 8 spell levels left.
You knew the following spells:

 Your Spells              Type           Power        Failure   Level  Hunger
a - Flame Tongue          Conj/Fire      ####.        1%          1    None
b - Inner Flame           Hex/Fire       ###.....     5%          3    ###....
c - Sticky Flame          Conj/Fire      ####....     12%         4    ####...
j - Conjure Flame         Conj/Fire      ####....     3%          3    ###....


Dungeon Overview and Level Annotations

Branches:
Dungeon (11/15)            Temple (1/1) D:7            Lair (3/6) D:11
  Swamp (0/4) Lair:2        Snake (0/4) Lair:2          Orc (0/2) D:9

Altars:
Dithmenos
Fedhas
Gozag
Hepliaklqana
Kikubaaqudgha
Makhleb
Nemelex Xobeh
Qazlal
Ru
Vehumet
Wu Jian
Xom
Yredelemnul

Shops:
D:6 (   D:10 *

Annotations:
D:8 Erica
Lair:2 2 transporters Volcano Gerstahl's ghost, journeyman GrMo


Innate Abilities, Weirdness & Mutations

You are mostly covered in iridescent scales. (AC +4)
You are completely attuned to the shadows.
You are mostly covered in sharp spines.


Message History

You crush the red draconian like a grape!
The red draconian is heavily wounded!
The red draconian hits you with a broad axe of flaming!!!
The red draconian burns you!!! Gerstahl's butt misses you!
Unknown command!
You swap places!
Your two-headed ogre zombie closely misses the butt draconian!
Your two-headed ogre zombie hits the red draconian but does no damage!
Butt's ghost hits your two-headed ogre zombie!
The red draconian hits your two-headed ogre zombie with a broad axe of flaming!!!
The red draconian burns your two-headed ogre zombie!
Really walk into that cloud of flame?
You are engulfed in blazing flames! * * * don't die
* * * Gerstahl's ghost butts your two-headed ogre zombie!!!
Butt's two-headed ogre zombie is destroyed!!!
The red draconian butts flames at you!
The searing butt hits you!!! rip Your body rises from the dead as a mindless zombie!

###.##########
.......§..§...###
..§..≈§§.§§......
....§≈§≈≈≈≈≈≈....
.....≈≈≈§§≈§§≈≈§....
##.....≈≈§≈§§≈§≈§....
#.....≈≈≈§≈§≈≈≈≈....#
#.....≈≈≈≈≈≈≈≈§...##
##@....≈.≈.≈.§..## ##
##§#....ZZZ...Z..#
#≈§##.###..###..##...#
≈≈§≈§## #### #######.#
≈§§dW# ##.## §≈.!O[
#Z#### ≈≈≈.)##
###Z.≈## ≈§.∩$!
##..∩.≈§# #.....§≈#


You could see a red draconian and Gerstahl's ghost.

Vanquished Creatures
  6 two-headed ogres
  Urug (D:10)
  Nergalle (Lair:1)
  An unseen horror (D:11)
  A wizard (D:11)
  Pikel (D:7)
  5 elephants (Lair:3)
  A gargoyle (D:10)
  A rime drake (Lair:2)
  3 spiny frogs
  A komodo dragon (Lair:2)
  A troll (D:10)
  6 hippogriffs
  A human (D:7)
  A basilisk (D:11)
  12 yaks
  Eustachio (D:5)
  4 hogs (D:7)
  2 hungry ghosts (D:10)
  Menkaure (D:6)
  3 nagas (Lair:2)
  2 acid dragons (D:11)
  A water moccasin (Lair:2)
  2 porcupines
  8 orc warriors
  A slave (D:7)
  4 ice beasts
  3 phantoms
  5 sky beasts
  A black bear (D:11)
  9 ogres
  3 centaurs
  3 crocodiles
  2 big kobolds
  9 bullfrogs
  2 gnoll sergeants
  3 scorpions (D:7)
  A wyvern skeleton (D:6)
  2 howler monkeys
  5 crimson imps
  A quasit (D:11)
  2 jellies
  5 hounds
  11 orc wizards
  2 orc priests (D:6)
  A bullfrog skeleton (D:7)
  2 centaur skeletons
  4 iguanas
  5 worker ants
  An ogre zombie (D:9)
  2 hound skeletons
  A howler monkey skeleton (D:8)
  A worker ant zombie (D:6)
  10 gnolls
  10 adders
  A shadow imp (D:6)
  2 worms
  2 dart slugs (D:1)
  2 leopard geckos
  34 orcs
  7 giant cockroaches
  11 goblins
  5 hobgoblins
  17 jackals
  3 quokkas
  2 bats
  4 frilled lizards
  14 kobolds
  A leopard gecko skeleton (D:5)
  6 rats
289 creatures vanquished.

Vanquished Creatures (collateral kills)
  Gastronok (D:11)
  An oklob plant (Lair:2)
  A cyclops (D:11)
  Psyche (D:10)
  2 gargoyles
  A komodo dragon (Lair:2)
  A troll (D:11)
  A hippogriff (D:11)
  A meliai zombie (D:10)
  A yak (D:11)
  An orc warrior (D:8)
  A black bear (D:11)
  A crocodile (Lair:1)
  A crimson imp (D:11)
  2 jellies (D:11)
  A hound (D:8)
  4 orc priests
  2 gnolls
  An adder (D:11)
  3 orcs
  A plant (D:11)
29 creatures vanquished.

Vanquished Creatures (others)
  2 two-headed ogre zombies
  A rime drake zombie (Lair:2)
  A hippogriff zombie (D:9)
  An acid dragon zombie (D:11)
  A big kobold zombie (D:8)
  A sky beast zombie (D:9)
  A hound zombie (D:9)
  A worker ant zombie (D:8)
  A gnoll zombie (D:9)
  2 kobold zombies (D:8)
  A fungus (D:11)
13 creatures vanquished.

Grand Total: 331 creatures vanquished

Notes
Turn   | Place    | Note
-------+----------+-------------------------------------------
     0 | D:1      | Gorglomux the Demonspawn Fire Elementalist began the quest for the Orb.
     0 | D:1      | Reached XP level 1. HP: 13/13 MP: 3/3
   277 | D:1      | Gained mutation: You are partially covered in iridescent scales. (AC +2) [demonic ancestry]
   277 | D:1      | Reached XP level 2. HP: 11/19 MP: 1/5
   709 | D:1      | Reached skill level 3 in Fire Magic
  1153 | D:1      | Gained mutation: You are partially covered in sharp spines. [demonic ancestry]
  1153 | D:1      | Reached XP level 3. HP: 21/24 MP: 2/6
  2168 | D:3      | Learned a level 3 spell: Conjure Flame
  2199 | D:3      | HP: 1/24 [poisoned by an adder]
  2432 | D:3      | Reached XP level 4. HP: 21/30 MP: 1/8
  2520 | D:3      | Reached skill level 3 in Spellcasting
  2893 | D:3      | Found a shimmering altar of Xom.
  3380 | D:4      | Noticed an ogre
  3389 | D:4      | Killed an ogre
  3389 | D:4      | Reached skill level 3 in Conjurations
  3389 | D:4      | Gained mutation: You are slightly more attuned to the shadows. [demonic ancestry]
  3389 | D:4      | Reached XP level 5. HP: 35/35 MP: 1/10
  3472 | D:4      | Found an ancient bone altar of Kikubaaqudgha.
  3523 | D:4      | Noticed an orc warrior
  3604 | D:4      | Learned a level 3 spell: Inner Flame
  3622 | D:4      | Gained mutation: You are significantly more attuned to the shadows. [demonic ancestry]
  3622 | D:4      | Reached XP level 6. HP: 38/41 MP: 11/11
  3689 | D:4      | Killed an orc warrior
  3700 | D:4      | Got a brightly glowing quarterstaff {vamp}
  3703 | D:4      | Identified the +8 quarterstaff of Natzecze {vamp, +Inv rPois Int+2 Dex+2} (You took it off an orc warrior on level 4 of the Dungeon)
  3989 | D:4      | Reached skill level 1 in Fighting
  3989 | D:4      | Reached skill level 1 in Armour
  4052 | D:5      | Entered Level 5 of the Dungeon
  4086 | D:5      | Found a burning altar of Makhleb.
  4177 | D:5      | Reached skill level 1 in Staves
  4209 | D:5      | Noticed Eustachio
  4228 | D:5      | Killed Eustachio
  4228 | D:5      | Gained mutation: You are mostly covered in iridescent scales. (AC +4) [demonic ancestry]
  4228 | D:5      | Reached XP level 7. HP: 49/49 MP: 1/13
  4406 | D:5      | Reached skill level 2 in Fighting
  4419 | D:5      | Found a hazy altar of Hepliaklqana.
  4757 | D:5      | Reached skill level 3 in Fighting
  4772 | D:5      | Found a radiant altar of Vehumet.
  5004 | D:6      | Noticed Menkaure
  5009 | D:6      | Killed Menkaure
  5009 | D:6      | Reached skill level 3 in Staves
  5009 | D:6      | Reached skill level 3 in Armour
  5009 | D:6      | Reached XP level 8. HP: 58/58 MP: 9/14
  5210 | D:6      | Reached skill level 4 in Fighting
  5355 | D:6      | Found Nuevat's Weapon Shoppe.
  5559 | D:6      | Reached skill level 5 in Fighting
  5703 | D:7      | Gained mutation: You are mostly covered in sharp spines. [demonic ancestry]
  5703 | D:7      | Reached XP level 9. HP: 68/68 MP: 15/15
  5937 | D:7      | Found a staircase to the Ecumenical Temple.
  5944 | Temple   | Entered the Ecumenical Temple
  6000 | Temple   | Became a worshipper of Yredelemnul the Dark
  6278 | D:7      | Noticed Pikel
  6332 | D:7      | Killed Pikel
  6332 | D:7      | Reached skill level 6 in Fighting
  6428 | D:7      | Reached skill level 6 in Staves
  6428 | D:7      | Reached skill level 6 in Armour
  6602 | D:7      | Reached skill level 7 in Fighting
  6611 | D:7      | Reached skill level 3 in Dodging
  6611 | D:7      | Reached XP level 10. HP: 44/79 MP: 2/16
  6863 | D:8      | Learned a level 4 spell: Sticky Flame
  6879 | D:8      | Found an opulent altar of Gozag.
  6943 | D:8      | Reached * piety under Yredelemnul
  7450 | D:8      | Noticed a two-headed ogre
  7475 | D:8      | Killed a two-headed ogre
  7475 | D:8      | Reached skill level 8 in Fighting
  7556 | D:8      | Noticed Erica
  8123 | D:8      | Noticed a two-headed ogre
  8173 | D:8      | Killed a two-headed ogre
  8377 | D:9      | Reached ** piety under Yredelemnul
  8483 | D:9      | Noticed a two-headed ogre
  8513 | D:9      | Killed a two-headed ogre
  8513 | D:9      | Reached skill level 1 in Hexes
  8513 | D:9      | Gained mutation: You are completely attuned to the shadows. [demonic ancestry]
  8513 | D:9      | Reached XP level 11. HP: 87/87 MP: 11/17
  8731 | D:9      | Found a staircase to the Orcish Mines.
  9091 | D:10     | Entered Level 10 of the Dungeon
  9392 | D:10     | Found Bocluur's General Store.
  9394 | D:10     | Noticed Urug
  9403 | D:10     | Killed Urug
  9403 | D:10     | Reached skill level 3 in Hexes
  9408 | D:10     | Bought a scroll of fear for 35 gold pieces
  9408 | D:10     | Bought a potion of degeneration for 10 gold pieces
  9408 | D:10     | Bought a scroll of enchant armour for 75 gold pieces
 10303 | D:10     | Reached *** piety under Yredelemnul
 10375 | D:10     | Noticed Psyche
 10384 | D:10     | Killed Psyche
 10384 | D:10     | Reached skill level 6 in Fire Magic
 10443 | D:10     | Reached skill level 1 in Invocations
 10664 | D:11     | Noticed a two-headed ogre
 10672 | D:11     | Killed a two-headed ogre
 10742 | D:11     | Received a gift from Yredelemnul (3 flying skulls)
 10757 | D:11     | Noticed Gastronok
 10764 | D:11     | Killed Gastronok
 11198 | D:11     | Noticed a wizard
 11207 | D:11     | Killed a wizard
 11207 | D:11     | Reached skill level 9 in Invocations
 11411 | D:11     | Found a staircase to the Lair.
 11585 | D:11     | Killed an unseen horror
 11585 | D:11     | Reached XP level 12. HP: 65/94 MP: 18/18
 11806 | D:11     | Reached skill level 9 in Fighting
 11909 | Lair:1   | Entered Level 1 of the Lair of Beasts
 11965 | Lair:1   | Noticed Nergalle
 11975 | Lair:1   | Killed Nergalle
 12426 | Lair:1   | Reached skill level 6 in Dodging
 12902 | Lair:2   | Reached **** piety under Yredelemnul
 13178 | Lair:2   | Found a staircase to the Swamp.
 13272 | Lair:2   | Found a transporter.
 13277 | Lair:2   | Found a shadowy altar of Dithmenos.
 13558 | Lair:2   | Found a transporter.
 13603 | Lair:2   | Found a staircase to the Snake Pit.
 13862 | Lair:3   | Reached skill level 9 in Staves
 14064 | Lair:3   | Found a dark tunnel.
 14190 | Volcano  | Entered a volcano
 14220 | Volcano  | Noticed a two-headed ogre
 14229 | Volcano  | Killed a two-headed ogre
 14229 | Volcano  | Reached skill level 10 in Fighting
 14253 | Volcano  | Noticed a two-headed ogre
 14260 | Volcano  | Killed a two-headed ogre
 14283 | Volcano  | Noticed a red draconian
 14288 | Volcano  | Noticed Gerstahl's ghost (journeyman GrMo)
 14290 | Volcano  | Noticed a two-headed ogre
 14298 | Volcano  | Killed from afar by a red draconian

Vault maps used:
D:1:      dpeg_arrival_morbid_curiosity
D:3:      lemuel_round_altar
D:4:      nicolae_overflow_crystal_walls, first_bread
D:5:      lemuel_round_altar, kennysheep_little_box, overflow_temple_1_default,
          uniq_eustachio
D:6:      serial_shops, nicolae_shop_waterfront, uniq_menkaure
D:7:      lemuel_temple_firewalk_b, grunt_livestock, uniq_pikel
D:8:      grunt_gozag_breadcrumbs, uniq_erica
D:9:      david_orc_2
D:10:     lemuel_upstairs_altar, serial_shops, shop, uniq_urug, uniq_psyche
D:11:     grunt_lair_entry_orc_guard_hut, uniq_gastronok
Temple:   eino_temple_scatter_basement
Lair:1:   uniq_nergalle
Lair:2:   gammafunk_cloud_chamber, swamp_mist_pool,
          minmay_snake_entry_guardpost_small, lemuel_oklob_altar
Lair:3:   nicolae_volcano_entry_lava_flow, minmay_lair_oklob_chamber,
          serial_bayou_shore_a, grunt_megastairs_5
Volcano:  volcano_pools

Skill      XL: |  1  2  3  4  5  6  7  8  9 10 11 12 |
---------------+-------------------------------------+-----
Fire Magic     | 3 4 6 |  6.0
Conjurations   | 2 3 4 5 |  5.7
Spellcasting   | 3 4 |  4.0
Fighting       | 1 3 5 7 8 10 | 10.0
Armour         | 1 3 4 6 7 |  7.5
Staves         | 1 3 4 6 8 9 |  9.2
Dodging        | 3 5 7 |  7.1
Hexes          | 1 4 |  4.0
Invocations    | 9 |  9.1
Stealth        | |  1.7

Action                   |  1- 3 |  4- 6 |  7- 9 | 10-12 || total
-------------------------+-------+-------+-------+-------++-------
Melee: Dagger            |    56 |       |       |       ||    56
       Mace              |    14 |    28 |       |       ||    42
       Quarterstaff      |       |    12 |   191 |   455 ||   658
 Cast: Flame Tongue      |    63 |    38 |    22 |     6 ||   129
       Conjure Flame     |     3 |     4 |     4 |     6 ||    17
       Inner Flame       |       |     1 |     4 |     9 ||    14
       Sticky Flame      |       |       |       |     1 ||     1
Invok: Animate Remains   |       |       |       |    19 ||    19
       Animate Dead      |       |       |       |    15 ||    15
Evoke: Wand              |       |       |       |     3 ||     3
  Use: Scroll            |       |     5 |       |    11 ||    16
 Stab: Sleeping          |     3 |     2 |    21 |    36 ||    62
       Distracted        |       |       |     1 |     3 ||     4
  Eat: Chunk             |     6 |     4 |     8 |    32 ||    50
       Royal jelly       |       |     1 |       |     1 ||     2
       Bread ration      |       |     1 |       |       ||     1
       Fruit             |       |       |       |     3 ||     3
Armor: Robe              |    28 |    12 |    67 |   137 ||   244
Dodge: Dodged            |    64 |    22 |    88 |   314 ||   488

Table legend:
 A = Spawn XP
 B = Non-spawn XP
 C = Spawn XP percentage of total XP
 D = Spawn monster count
 E = Non-spawn monster count
 F = Spawn count percentage of total count
 G = Total turns spent on level
                    A         B        C        D         E        F      G
               +---------+---------+-------+---------+---------+-------+---------
         Total |       0 |   33837 |   0.0 |       0 |     315 |   0.0 | 14298
               +---------+---------+-------+---------+---------+-------+---------
           D:1 |       0 |      48 |   0.0 |       0 |      25 |   0.0 |  1477
           D:2 |       0 |      22 |   0.0 |       0 |      10 |   0.0 |   670
           D:3 |       0 |     142 |   0.0 |       0 |      22 |   0.0 |  1361
           D:4 |       0 |     467 |   0.0 |       0 |      13 |   0.0 |   544
           D:5 |       0 |     571 |   0.0 |       0 |      16 |   0.0 |   864
           D:6 |       0 |    1305 |   0.0 |       0 |      38 |   0.0 |   788
           D:7 |       0 |    3098 |   0.0 |       0 |      34 |   0.0 |  1157
           D:8 |       0 |    3558 |   0.0 |       0 |      32 |   0.0 |  1416
           D:9 |       0 |    2809 |   0.0 |       0 |      35 |   0.0 |   747
          D:10 |       0 |    3902 |   0.0 |       0 |      23 |   0.0 |  1572
          D:11 |       0 |    6413 |   0.0 |       0 |      30 |   0.0 |  1246
        Lair:1 |       0 |    2277 |   0.0 |       0 |       7 |   0.0 |   839
        Lair:2 |       0 |    4978 |   0.0 |       0 |      22 |   0.0 |  1025
        Lair:3 |       0 |    2477 |   0.0 |       0 |       6 |   0.0 |   417
       Volcano |       0 |    1770 |   0.0 |       0 |       2 |   0.0 |   108
               +---------+---------+-------+---------+---------+-------+---------
